 Dungeon Crawl Stone Soup version 0.29.0-11-gd7f09526c8 (webtiles) character file.

Game seed: 13688985657364359229

1019 Strat the Grappler (level 8, -18/61 HPs)
             Began as a Ghoul Enchanter on Sept 6, 2022.
             Killed from afar by a steam dragon (21 damage)
             ... with a ball of steam
             ... on level 5 of the Dungeon.
             The game lasted 00:09:06 (6274 turns).

Strat the Grappler (Ghoul Enchanter)                Turns: 6274, Time: 00:09:07

Health: -18/61     AC:  7    Str: 14    XL:     8   Next: 22%
Magic:  9/9        EV: 10    Int: 10    God:
Gold:   1429       SH:  0    Dex:  9    Spells: 10/10 levels left

rFire   . . .      SeeInvis +     - Unarmed
rCold   + . .      Faith    .   (no shield)
rNeg    + + +      Spirit   .   l - +1 ring mail
rPois   ∞          Reflect  .   u - +0 helmet
rElec   .          Harm     .   (no cloak)
rCorr   .          Rampage  .   (no gloves)
Will    .....                   (no boots)
Stlth   +.........              (no amulet)
HPRegen 0.00/turn               h - ring of see invisible
MPRegen 0.11/turn               (no ring)

@: inhibited regen
A: claws 1, cold resistance 1, negative energy resistance 3, inhibited
regeneration, torment resistance 2, devour on kill
a: no special abilities


You were on level 5 of the Dungeon.
You visited 1 branch of the dungeon, and saw 5 of its levels.

You collected 1429 gold pieces.

Inventory:

Hand Weapons
 a - a +1 dagger
Missiles
 f - 6 poisoned darts (quivered)
 n - 3 curare-tipped darts
Armour
 b - a +0 robe
 l - a +1 ring mail (worn)
 u - a +0 helmet (worn)
Jewellery
 g - a ring of ice
 h - a ring of see invisible (left claw)
Wands
 o - a wand of paralysis (1)
 x - a wand of roots (8)
Scrolls
 e - a scroll of poison
 i - a scroll of identify
 p - a scroll of immolation {unknown}
 q - a scroll of torment {unknown}
 t - a scroll of amnesia {unknown}
 v - 2 scrolls of enchant weapon {unknown}
 y - a scroll of enchant armour
Potions
 c - 2 potions of brilliance {unknown}
 d - 2 potions of curing
 j - 3 potions of heal wounds {unknown}
 k - a potion of mutation {unknown}
 m - 2 potions of berserk rage {unknown}
 r - a potion of might {unknown}
 s - a potion of haste {unknown}
 w - a potion of degeneration {unknown}


   Skills:
 - Level 2.0 Fighting
 - Level 0.8 Short Blades
 - Level 3.0 Armour
 - Level 1.7 Dodging
 - Level 3.2 Stealth
 + Level 9.0 Unarmed Combat
 - Level 1.7 Spellcasting
 - Level 2.4 Hexes


You had 10 spell levels left.
You didn't know any spells.
Your spell library contained the following spells:

 Spells                   Type           Power      Damage    Failure   Level
 Ensorcelled Hibernation  Hex/Ice        6%         N/A       52%         2
 Confusing Touch          Hex            5%         N/A       56%         3
 Tukima's Dance           Hex            5%         N/A       56%         3
 Dazzling Flash           Conj/Hex       6%         N/A       75%         3
 Anguish                  Hex/Necr       1%         N/A       98%         4
 Iskenderun's Battlesphe  Conj           0%         2d6       100%        5
 Iron Shot                Conj/Erth      0%         9d1       100%        6
 Spellforged Servitor     Conj/Summ      0%         N/A       100%        7
 Spider Form              Tmut/Pois      Unusable   N/A       N/A         3

Dungeon Overview and Level Annotations

Branches:
Dungeon (5/15)
 Temple: D:4-7

Altars:
Ashenzari

Shops:
D:5 (


Innate Abilities, Weirdness & Mutations

You are immune to poison.
You have sharp fingernails.
Your flesh is cold resistant. (rC+)
You are immune to negative energy. (rN+++)
You do not regenerate when monsters are visible.
You are immune to unholy pain and torment.
You thrive by killing the living.


Message History

The scorpion is almost dead.
The scorpion stings you.
* * * LOW HITPOINT WARNING * * *
You scratch the scorpion.
You kill the scorpion!
You feel better.
Your Unarmed Combat skill increases to level 9!
You scratch the steam dragon but do no damage.
The steam dragon breathes steam at you. The ball of steam hits you!
* * * LOW HITPOINT WARNING * * *
You hear a bark!
You claw the steam dragon!
The steam dragon is heavily wounded.
You are engulfed in a cloud of scalding steam.
* * * LOW HITPOINT WARNING * * *
The steam dragon closely misses you. The steam dragon claws you.
* * * LOW HITPOINT WARNING * * *
The steam dragon barely misses you.
The steam dragon claws you but does no damage.
You barely miss the steam dragon.
The steam dragon is heavily wounded.
The steam dragon closely misses you. x2
You scratch the steam dragon but do no damage.
The steam dragon is heavily wounded.
The steam dragon bites you.
* * * LOW HITPOINT WARNING * * *
The steam dragon claws you but does no damage.
You claw the steam dragon!
The steam dragon is severely wounded.
You barely miss the steam dragon.
The steam dragon is severely wounded.
The steam dragon breathes steam at you. The ball of steam hits you!!
* * * LOW HITPOINT WARNING * * *
You hear a bark!
Unknown command.
The steam dragon breathes steam at you. The ball of steam hits you!!
You die...

...# #.#.........#####.........8
...# #.#.######### ##..######.
...# #.#.# ##.# #. ...# #.#.#
#####.## #. ...+ ..#.# ##....#..#
#. ...# ###.# ##..#..##.# #.
....... #.########..#.#..#.#####.
....... #.#§§§§§§D...#$. #.......
####....#.#.....@#..#$# #...))..
....#.#..##..##.$# #.......
#########.#..##..###....###.####.
...# #.#......# '#####..# #.
...######.#......# .# #.## #.
..........####'### .. #.# #.
...######### #.# .. #.# #. ...#
##....###.# .#. #.# #.
...###......##.# #.. #.# #.


You could see a steam dragon (catching breath).

Vanquished Creatures
  A necrophage (D:5)
  7 scorpions
  A howler monkey (D:5)
  2 jellies (D:5)
  An orc priest (D:4)
  A gnoll bouda (D:5)
  3 hounds
  2 orc wizards (D:4)
  7 gnolls
  8 adders
  An ufetubus (D:5)
  A worm (D:3)
  8 orcs
  3 ball pythons
  7 endoplasms
  5 giant cockroaches
  4 goblins
  6 hobgoblins
  4 jackals (D:1)
  12 kobolds
  5 quokkas
  2 bats (D:2)
  3 frilled lizards (D:1)
  8 rats
102 creatures vanquished.

Vanquished Creatures (collateral kills)
  An adder (D:4)
  A white imp (D:4)
  An endoplasm (D:4)
  A kobold (D:4)
4 creatures vanquished.

Vanquished Creatures (others)
  16 plants (D:4)
16 creatures vanquished.

Grand Total: 122 creatures vanquished

Notes
Turn   | Place    | Note
-------+----------+-------------------------------------------
     0 | D:1      | Strat the Ghoul Enchanter began the quest for the Orb.
     0 | D:1      | Reached XP level 1. HP: 14/14 MP: 2/2
    89 | D:1      | Reached skill level 1 in Unarmed Combat
    93 | D:1      | Reached XP level 2. HP: 15/22 MP: 3/3
   312 | D:1      | Reached skill level 1 in Fighting
   548 | D:1      | Reached skill level 2 in Unarmed Combat
   878 | D:1      | Reached XP level 3. HP: 6/28 MP: 4/4
  2374 | D:3      | Noticed a scorpion
  2461 | D:3      | Reached skill level 3 in Unarmed Combat
  2461 | D:3      | Reached XP level 4. HP: 36/36 MP: 5/5
  3193 | D:3      | Reached skill level 4 in Unarmed Combat
  3269 | D:3      | Found a faded altar of an unknown god.
  3334 | D:3      | Killed a scorpion
  3335 | D:3      | Reached XP level 5. HP: 33/41 MP: 6/6
  3570 | D:3      | Noticed a kobold brigand
  3643 | D:4      | Reached skill level 5 in Unarmed Combat
  3699 | D:4      | Found a broken altar of Ashenzari.
  3777 | D:4      | Identified a scroll of acquirement
  3777 | D:4      | Acquired 776 gold pieces
  4343 | D:4      | Reached XP level 6. HP: 29/48 MP: 7/7
  4600 | D:4      | Reached skill level 6 in Unarmed Combat
  4798 | D:4      | Reached skill level 1 in Armour
  4870 | D:4      | Reached XP level 7. HP: 45/55 MP: 8/8
  4872 | D:4      | Paralysed by an orc priest for 2 turns
  4879 | D:4      | Paralysed by an orc priest for 4 turns
  5266 | D:5      | Entered Level 5 of the Dungeon
  5339 | D:5      | Reached skill level 7 in Unarmed Combat
  5488 | D:5      | Found Tucissom's Antique Weapon Emporium.
  5672 | D:5      | Reached skill level 8 in Unarmed Combat
  5991 | D:5      | Reached XP level 8. HP: 58/61 MP: 9/9
  6267 | D:5      | Reached skill level 9 in Unarmed Combat
  6273 | D:5      | HP: 3/61 [steam dragon/ball of steam (18)]
  6274 | D:5      | Killed from afar by a steam dragon

Illustrated notes

Levels and vault maps discovered:
D:1:      dpeg_arrival_orchard, layout_basic, minmay_misc_feat_room,
          grunt_decor_mini_mirrors
D:2:      layout_loops_corners
D:3:      cheibrodos_thug_alley, layout_loops_ring,
          hellmonk_ecumenical_altar_leap_of_faith
D:4:      minmay_wonky_spiral, layout_loops_ring, evilmike_ruin_ashenzari,
          serial_forest, infiniplex_forest_join, infiniplex_forest_straight_2,
          infiniplex_forest_clump_medium, infiniplex_forest_clump_small,
          infiniplex_forest_straight_2, infiniplex_forest_clump_small,
          infiniplex_forest_3_way, hangedman_glass_garden
D:5:      minmay_polygon_palace, layout_basic, serial_shops,
          nicolae_shop_statue_plus

Skill      XL: |  1  2  3  4  5  6  7  8 |
---------------+-------------------------+-----
Unarmed Combat | 1 2 3 4 5 6 8 9 |  9.0
Fighting       | 1 2 |  2.0
Armour         | 2 3 |  3.0
Short Blades   | |  0.8
Dodging        | |  1.7
Stealth        | |  3.2
Spellcasting   | |  1.7
Hexes          | |  2.4

Action                   |  1- 3 |  4- 6 |  7- 9 || total
-------------------------+-------+-------+-------++-------
Melee: Dagger            |   156 |    14 |       ||   170
       Punch             |     5 |     3 |     5 ||    13
       Unarmed           |    15 |   187 |   125 ||   327
  Use: Potion            |     2 |     3 |     1 ||     6
       Scroll            |       |     7 |       ||     7
 Stab: Sleeping          |     5 |     3 |     1 ||     9
       Invisible         |     2 |     2 |       ||     4
       Distracted        |     1 |       |       ||     1
Armor: Robe              |    25 |       |       ||    25
       Ring mail         |     9 |    53 |    35 ||    97
Dodge: Dodged            |   131 |    90 |    47 ||   268
